 Seeded DCSS version 0.31-a0-210-gccc998df9b (webtiles) character file.

Game seed: 17845999815334807412 (custom seed)

709 rabbitsville the Trooper (level 7, 0/96 HPs)
             Began as a Hill Orc Fighter on June 30, 2023.
             Was an Initiate of Gozag.
             Slain by an ufetubus (2 damage)
             ... summoned by Eustachio
             ... on level 6 of the Dungeon.
             The game lasted 00:10:52 (4177 turns).

rabbitsville the Trooper (Hill Orc Fighter)         Turns: 4177, Time: 00:10:52

Health: 0/96       AC: 23    Str: 21    XL:     7   Next: 68%
Magic:  7/7        EV:  2    Int:  8    God:    Gozag
Gold:   479        SH:  0    Dex: 10    Spells: 6/6 levels left

rFire   . . .        a - +0 flail
rCold   + . .        c - +0 buckler
rNeg    . . .        b - melded +0 scale mail
rPois   +            g - melded +0 helmet
rElec   .            (cloak currently unavailable)
rCorr   .            (gloves currently unavailable)
SInv    +            (boots currently unavailable)
Will    .....        (no amulet)
Stlth   +            i - ring of protection from cold
HPRegen 0.36/turn    o - ring of see invisible
MPRegen 0.10/turn

%: no passive effects
@: confused, lethally poisoned (0 -> -2), tree-form (expiring), ambrosia-drunk
A: stationary, stasis, torment immunity, boosted hp
a: Renounce Religion, Potion Petition, Call Merchant, Bribe Branch


You were on level 6 of the Dungeon.
You worshipped Gozag.
Gozag was aware of your devotion.
You were a tree.
You visited 1 branch of the dungeon, and saw 6 of its levels.

You collected 542 gold pieces.
You paid 63 gold pieces to Gozag.

Inventory:

Hand Weapons
 a - a +0 flail (weapon)
Missiles
 j - 3 throwing nets
Armour
 b - a +0 scale mail (melded)
 c - a +0 buckler (worn)
 g - a +0 helmet (melded)
Jewellery
 i - a ring of protection from cold (left branch)
 k - a ring of fire
 o - a ring of see invisible (right branch)
Scrolls
 d - 2 scrolls of poison {unknown}
 e - a scroll of identify
 h - a scroll of amnesia {unknown}
 n - a scroll of enchant armour {unknown}
 p - 2 scrolls of vulnerability {unknown}
 s - a scroll of silence {unknown}
 u - a scroll of fog {unknown}
 v - a scroll of torment {unknown}
 w - 2 scrolls of teleportation {unknown}
Potions
 l - 2 potions of invisibility
 r - a potion of haste
 t - a potion of might


   Skills:
 * Level 6.8 Fighting
 * Level 5.6 Maces & Flails
 + Level 4.7 Armour
 + Level 4.8 Shields


You had 6 spell levels left.
You didn't know any spells.
Your spell library contained the following spells:

 Spells                   Type           Power      Damage    Failure   Level
 Static Discharge         Conj/Air       0%         2-2/arc   61%         2
 Dazzling Flash           Conj/Hex       0%         N/A       83%         3
 Ignite Poison            Fire/Tmut/Pois 0%         N/A       83%         3
 Volatile Blastmotes      Fire/Tloc      0%         2d10      83%         3
 Airstrike                Air            0%         2d(0-16)  99%         4
 Iskenderun's Mystic Bla  Conj/Tloc      0%         2d3       99%         4
 Sticky Flame             Conj/Fire      0%         2d3       99%         4
 Summon Lightning Spire   Summ/Air       0%         N/A       99%         4
 Starburst                Conj/Fire      0%         6d3       100%        6
 Ignition                 Fire           0%         3d3       100%        8


Dungeon Overview and Level Annotations

Branches:
Dungeon (6/15)             Temple (0/1) D:4

Altars:
Cheibriados
Gozag
Makhleb
Trog
Xom

Annotations:
D:6 Eustachio


Message History

The white imp gestures at you.
The puff of frost hits you but does no damage.
The ufetubus hits you but does no damage. x2
You block the river rat's attack.
The quokka bites you but does no damage.
The iron imp hits you but does no damage.
You hit the river rat.
You kill the river rat!
The river rat's corpse disappears in a puff of smoke!
You feel sick. The bat hits you but does no damage.
The ufetubus hits you but does no damage. x2
The white imp hits you but does no damage.
The quokka bites you but does no damage.
Eustachio casts a spell.
Eustachio blinks!
You block the ufetubus's attack.
The ufetubus hits you but does no damage.
The iron imp hits you.
* * * LOW HITPOINT WARNING * * *
The white imp hits you but does no damage.
You hit the white imp.
The white imp is lightly wounded.
You feel sick. You block the ufetubus's attack.
The ufetubus hits you but does no damage.
The quokka bites you but does no damage.
You block the bat's attack. The white imp gestures at you.
The puff of frost hits you. You resist.
* * * LOW HITPOINT WARNING * * *
The ufetubus hits you.
* * * LOW HITPOINT WARNING * * *
The ufetubus hits you but does no damage.
The quokka bites you but does no damage.
You are confused.
You feel invigorated.
You feel sick. The bat barely misses you. The iron imp hits you.
* * * LOW HITPOINT WARNING * * *
The ufetubus hits you but does no damage.
The ufetubus hits you.
You die...
Your body crumbles into a pile of gold.

...(...........
..............@
...............
.............
..........
#......#
#.5.5..#
#.b♣5..#
#.r....#
#......#
#......#
#......#
#......+
####......#
#.<...#####
#.....#


You could see Eustachio, an iron imp (summoned), a white imp (summoned), an
ufetubus (summoned), a quokka (summoned) and a bat (summoned).

Vanquished Creatures
  A water moccasin (D:5)
  An ice beast (D:5)
  3 scorpions (D:5)
  A howler monkey (D:5)
  A jelly (D:5)
  Jessica (D:2)
  2 orc wizards
  An iguana (D:4)
  4 gnolls (D:4)
  5 adders
  A white imp (D:4)
  4 dart slugs
  7 orcs
  6 bats
  2 endoplasms
  5 giant cockroaches
  4 goblins
  4 hobgoblins
  9 jackals (D:1)
  2 quokkas (D:4)
  2 ball pythons
  4 frilled lizards
  7 kobolds
  2 rats (D:1)
79 creatures vanquished.

Notes
Turn   | Place    | Note
-------+----------+-------------------------------------------
     0 | D:1      | rabbitsville the Hill Orc Fighter began the quest for the
                  | Orb.
     0 | D:1      | Reached XP level 1. HP: 19/19 MP: 1/1
    94 | D:1      | Reached XP level 2. HP: 27/27 MP: 2/2
   184 | D:1      | Reached skill level 4 in Fighting
   449 | D:1      | Reached XP level 3. HP: 33/33 MP: 3/3
  1126 | D:2      | Noticed Jessica
  1133 | D:2      | Killed Jessica
  1134 | D:2      | Reached XP level 4. HP: 26/41 MP: 4/4
  1785 | D:3      | You fall into a shaft and drop 2 floors!
  1785 | D:5      | Entered Level 5 of the Dungeon
  1785 | D:5      | Found an opulent altar of Gozag.
  1785 | D:5      | Found a burning altar of Makhleb.
  1785 | D:5      | Found a bloodstained altar of Trog.
  1785 | D:5      | Found a shimmering altar of Xom.
  1788 | D:5      | Became a worshipper of Gozag Ym Sagoz the Greedy
  1795 | D:5      | Found a snail-covered altar of Cheibriados.
  1797 | D:5      | Noticed an ice beast
  1804 | D:5      | Killed an ice beast
  1805 | D:5      | Reached skill level 5 in Fighting
  1805 | D:5      | Reached XP level 5. HP: 48/48 MP: 5/5
  1993 | D:4      | Reached XP level 6. HP: 12/56 MP: 6/6
  2981 | D:4      | Found a staircase to the Ecumenical Temple.
  3482 | D:5      | Noticed a water moccasin
  3518 | D:5      | Killed a water moccasin
  3519 | D:5      | Reached skill level 6 in Fighting
  3519 | D:5      | Reached skill level 5 in Maces & Flails
  3519 | D:5      | Reached XP level 7. HP: 52/63 MP: 7/7
  4136 | D:6      | Noticed Eustachio
  4176 | D:6      | HP: 4/96 [ufetubus[Eustachio] (2)]
  4177 | D:6      | Slain by an ufetubus

Illustrated notes

Levels and vault maps discovered:
D:1:      lemuel_arrival_lava_pool, layout_basic
D:2:      layout_loops_corners, hangedman_glass_teeth, uniq_jessica
D:3:      layout_rooms
D:4:      layout_loops_ring, minmay_temple_entry_hall
D:5:      layout_cave_pools, nicolae_overflow_hallway_of_the_gods, fountainhead
D:6:      layout_gridville, minmay_shop_mayhem, uniq_eustachio, uniq_menkaure,
          uniq_maggie

Skill      XL: |  1  2  3  4  5  6 |
---------------+-------------------+-----
Fighting       | 4 5 6 |  6.8
Maces & Flails | 3 4 5 |  5.6
Armour         | 4 |  4.7
Shields        | 4 |  4.8

Action                     |  1- 3 |  4- 6 |  7- 9 || total
---------------------------+-------+-------+-------++-------
  Melee: Flail             |   105 |   137 |    54 ||   296
    Use: Potion            |       |     4 |     5 ||     9
         Scroll            |       |     1 |       ||     1
 Armour: Scale mail        |    55 |    44 |    15 ||   114
         Skin              |       |    41 |   145 ||   186
  Dodge: Dodged            |    52 |    56 |    32 ||   140
  Block: Buckler           |    28 |    45 |    33 ||   106

Table legend: (Time is in decaauts)
 A = Elapsed time spent in this place.
 B = Non-inter-level travel time spent in this place.
 C = Inter-level travel time spent in this place.
 D = Time resting spent in this place.
 E = Time spent auto-exploring this place.
 F = Levels seen in this place.
 G = Mean time per level.
                   A        B        C        D        E       F      G
               +--------+--------+--------+--------+--------+-----+--------+
         Total |   4245 |   4160 |     85 |    236 |   2752 |   6 |  707.5 |
       Dungeon |   4245 |   4160 |     85 |    236 |   2752 |   6 |  707.5 |
               +--------+--------+--------+--------+--------+-----+--------+

Top non-repeatable levels by time:
     D:4: 1104 daAuts
     D:1: 939 daAuts
     D:5: 863 daAuts
     D:2: 850 daAuts
     D:3: 440 daAuts
     D:6: 46 daAuts
